 Dungeon Crawl Stone Soup version 0.25.1-8-g42b30a86e7 (webtiles) character file.

Game seed: 2598102007848285644

386 Destapler the Digger (level 6, -7/51 HPs)
             Began as a Deep Dwarf Earth Elementalist on Dec 19, 2020.
             Was an Initiate of Makhleb.
             Mangled by an orc warrior
             ... wielding a +0 great sword
              (14 damage)
             ... on level 5 of the Dungeon.
             The game lasted 00:23:22 (4114 turns).

Destapler the Digger (DDEE)                         Turns: 4114, Time: 00:23:22

Health: -7/51      AC:  8    Str: 12    XL:     6   Next: 48%
Magic:  7/7        EV: 10    Int: 17    God:    Makhleb [......]
Gold:   227        SH:  6    Dex: 13    Spells: 5/9 levels left

rFire    . . .     SeeInvis .   a - +0 whip (vamp)
rCold    . . .     Gourm    .   m - +0 kite shield
rNeg     . . .     Faith    .   c - +0 robe
rPois    .         Spirit   .   l - +0 helmet
rElec    .         Reflect  .   j - +2 cloak
rCorr    .         Harm     .   (no gloves)
MR       .....                  r - +1 pair of boots
Stlth    +++.......             (no amulet)
HPRegen  0.00/turn              h - ring of wizardry
MPRegen  0.10/turn              (no ring)

@: flying, non-regenerating
A: damage resistance, heal wounds, sense surroundings 1, no regeneration
a: Heal Wounds, Renounce Religion


You were on level 5 of the Dungeon.
You worshipped Makhleb.
Makhleb was noncommittal.
You were not hungry.

You visited 2 branches of the dungeon, and saw 6 of its levels.

You collected 227 gold pieces.

Inventory:

Hand Weapons
 a - a +0 vampiric whip (weapon)
 z - a +0 war axe
Missiles
 b - 127 stones
 f - 4 datura-tipped darts
 q - 8 boomerangs
 y - 16 poisoned darts (quivered)
Armour
 c - a +0 robe (worn)
 j - a +2 cloak (worn)
 l - a +0 helmet (worn)
 m - a +0 kite shield (worn)
 r - a +1 pair of boots (worn)
Jewellery
 h - a ring of wizardry (left hand)
Wands
 v - a wand of flame (16)
Scrolls
 e - 2 scrolls of enchant armour
 i - 4 scrolls of remove curse
 o - 2 scrolls of magic mapping
 w - 2 scrolls of identify {unknown}
 x - 2 scrolls of immolation {unknown}
Potions
 g - 2 potions of brilliance
 n - a potion of heal wounds
 p - a potion of stabbing {unknown}
 s - a potion of flight
 u - 2 potions of mutation {unknown}
 A - a potion of resistance {unknown}
Comestibles
 d - 8 rations


   Skills:
 + Level 1.6 Fighting
 + Level 1.6 Axes
 + Level 2.1 Throwing
 + Level 0.0 Armour
 + Level 3.3 Dodging
 + Level 4.0 Stealth
 + Level 0.0 Shields
 + Level 2.4 Spellcasting
 + Level 1.3 Conjurations
   Level 0.8 Transmutations
 + Level 5.1 Earth Magic
 + Level 1.8 Evocations


You had 5 spell levels left.
You knew the following spells:

 Your Spells              Type           Power        Failure   Level  Hunger
a - Sandblast             Erth           ###...       6%          1    #......
b - Stone Arrow           Conj/Erth      ##....       38%         3    ###....

Your spell library contained the following spells:

 Spells                   Type           Power        Failure   Level  Hunger
 Passwall                 Tmut/Erth      ##......     22%         2    ##.....
 Beastly Appendage        Tmut           #.....       34%         1    #......
 Sticks to Snakes         Tmut           #.......     45%         2    ##.....
 Spider Form              Tmut/Pois      #.........   75%         3    ###....
 Petrify                  Tmut/Erth      ##......     80%         4    #####..
 Lee's Rapid Deconstruct  Erth           ###.......   83%         5    ######.
 Ice Form                 Ice/Tmut       #.......     98%         4    #####..
 Blade Hands              Tmut           #.........   100%        5    ######.


Dungeon Overview and Level Annotations

Branches:
Dungeon (5/15)             Temple (1/1) D:4

Altars:
Ashenzari
Cheibriados
Dithmenos
Elyvilon
Fedhas
Gozag
Hepliaklqana
Kikubaaqudgha
Makhleb
Nemelex Xobeh
Okawaru
Qazlal
Trog
Xom
Yredelemnul
Zin
The Shining One

Shops:
D:4 }


Innate Abilities, Weirdness & Mutations

You are resistant to damage.
You can heal yourself by infusing magical energy.
You passively map a small area around you.
You do not regenerate.


Message History

You hit the orc warrior.
You feel better.
The orc warrior is lightly wounded.
The orc warrior hits you with a +0 great sword.
You closely miss the orc warrior.
The orc warrior is lightly wounded.
You block the orc warrior's attack.
You hit the orc warrior.
The orc warrior is moderately wounded.
The orc warrior hits you with a +0 great sword!
* * * LOW HITPOINT WARNING * * *
You hit the orc warrior but do no damage.
The orc warrior is moderately wounded.
The orc warrior closely misses you.
You barely miss the orc warrior.
The orc warrior is moderately wounded.
You closely miss the orc warrior.
The orc warrior is moderately wounded.
You feel a little less mighty now.
The orc warrior hits you with a +0 great sword!
You die...

* , #.
.......... *
.#.##........#
,
.............#
.......(.....#
,.............#
, , *
.............#
, * , ,
.......>.....#*
,*
.......@.....#
, ,
########o####..
* #.# * , , ,
#.# * ,* * * *
* #.#
#.........# ,
..o..#..####...
, .o.. ..## ,
... #.# , ,


You could see an orc warrior.

Vanquished Creatures
  An orc warrior (D:4)
  An orc priest (D:4)
  A bullfrog skeleton (D:4)
  3 worker ants (D:4)
  Robin (D:4)
  6 adders
  An ooze (D:3)
  3 worms (D:3)
  A leopard gecko (D:2)
  7 orcs
  3 giant cockroaches
  4 hobgoblins
  9 jackals
  2 quokkas
  A ball python (D:2)
  4 bats
  6 frilled lizards
  22 goblins
  5 kobolds
  3 rats
84 creatures vanquished.

Notes
Turn   | Place    | Note
-------+----------+-------------------------------------------
     0 | D:1      | Destapler the Deep Dwarf Earth Elementalist began the quest
                  | for the Orb.
     0 | D:1      | Reached XP level 1. HP: 15/15 MP: 3/3
   279 | D:1      | Reached XP level 2. HP: 19/22 MP: 4/4
   875 | D:2      | Found a glowing silver altar of Zin.
   887 | D:2      | Found an opulent altar of Gozag.
   896 | D:2      | Found a shadowy altar of Dithmenos.
   899 | D:2      | Found a bloodstained altar of Trog.
  1123 | D:2      | Reached skill level 1 in Throwing
  1123 | D:2      | Reached XP level 3. HP: 22/30 MP: 2/6
  1850 | D:3      | Reached XP level 4. HP: 34/37 MP: 4/7
  1893 | D:3      | Found a sparkling altar of Nemelex Xobeh.
  1940 | D:3      | Learned a level 3 spell: Stone Arrow
  2086 | D:3      | Reached skill level 1 in Fighting
  2100 | D:3      | Found a snail-covered altar of Cheibriados.
  2701 | D:4      | Reached XP level 5. HP: 34/44 MP: 5/7
  2708 | D:4      | Noticed Robin
  3052 | D:4      | Reached skill level 1 in Axes
  3052 | D:4      | Reached skill level 1 in Evocations
  3120 | D:4      | Found Saomar's Gadget Shoppe.
  3258 | D:4      | Reached skill level 1 in Conjurations
  3464 | D:4      | Killed Robin
  3464 | D:4      | Reached skill level 5 in Earth Magic
  3528 | D:4      | Reached XP level 6. HP: 21/51 MP: 8/8
  3630 | D:4      | Found a staircase to the Ecumenical Temple.
  3638 | Temple   | Entered the Ecumenical Temple
  3927 | Temple   | Became a worshipper of Makhleb the Destroyer
  4033 | D:5      | Entered Level 5 of the Dungeon
  4037 | D:5      | Noticed an orc warrior
  4037 | D:5      | Noticed an orc warrior
  4082 | D:4      | Killed an orc warrior
  4114 | D:5      | Mangled by an orc warrior

Illustrated notes

Levels and vault maps discovered:
D:1:      dpeg_arrival_brainrot, layout_basic
D:2:      layout_basic, grunt_temple_overflow_cloverleaf
D:3:      layout_loops_ring, nemelex_xobeh_ov_fountains_minmay,
          cheibriados_altar_1
D:4:      layout_loops_corners, minmay_temple_entry_proselytizer, serial_shops,
          kennysheep_mini, uniq_robin
D:5:      layout_rooms, old_standard_altar, first_ration, grunt_ministairs_14,
          sword_in_stone
Temple:   minmay_temple_curvy_loop

Skill      XL: |  1  2  3  4  5  6 |
---------------+-------------------+-----
Throwing       | 1 2 |  2.1
Spellcasting   | 2 |  2.4
Stealth        | 3 4 |  4.0
Fighting       | 1 |  1.6
Dodging        | 3 |  3.3
Axes           | 1 |  1.6
Evocations     | 1 |  1.8
Conjurations   | 1 |  1.3
Earth Magic    | 5 |  5.1
Transmutations | |  0.8

Action                   |  1- 3 |  4- 6 || total
-------------------------+-------+-------++-------
Melee: Dagger            |   109 |     1 ||   110
       Unarmed           |    12 |       ||    12
       Hand axe          |       |   130 ||   130
       War axe           |       |    32 ||    32
       Whip              |       |    54 ||    54
Throw: Dart              |       |     8 ||     8
 Cast: Sandblast         |    26 |    16 ||    42
       Stone Arrow       |       |     2 ||     2
 Abil: Heal Wounds       |     1 |     5 ||     6
  Use: Scroll            |       |     4 ||     4
       Potion            |       |     5 ||     5
 Stab: Sleeping          |     4 |     2 ||     6
  Eat: Chunk             |     4 |     8 ||    12
Armor: Robe              |    40 |    52 ||    92
Dodge: Dodged            |    89 |   179 ||   268
Block: Kite shield       |       |     1 ||     1
